 Dungeon Crawl Stone Soup version 0.19.0-24-gb05acd6 (webtiles) character file.

5836 nikopol the Cleaver (level 10, -3/64 HPs)
             Began as a Gargoyle Berserker on Nov 20, 2016.
             Was a High Priest of Trog.
             Slain by an orc warrior
             ... wielding a +0 glaive
              (18 damage)
             ... on level 9 of the Dungeon.
             The game lasted 00:24:34 (8974 turns).

nikopol the Cleaver (Gargoyle Berserker)            Turns: 8974, Time: 00:24:34

Health: -3/64      AC: 19    Str: 27    XL:     10   Next: 80%
Magic:  10/10      EV: 13    Int:  8    God:    Trog [*****.]
Gold:   510        SH:  0    Dex: 11    Spells: 0 memorised, 9 levels left

rFire  . . .     SeeInvis .     a - +4 hand axe
rCold  . . .     Gourm    .     x - +0 scale mail
rNeg   + . .     Faith    +     (no shield)
rPois  ∞         Spirit   .     q - +0 helmet
rElec  +         Reflect  .     u - +0 cloak
rCorr  .         Harm     .     (no gloves)
MR     .....                    y - +0 pair of boots (curse)
Stlth  ..........               B - amulet of faith
                                (no ring)
                                k - +5 ring of strength

@: exhausted, slowed, very slow
A: negative energy resistance 1, electricity resistance, unbreathing,
petrification resistance, rot immunity, AC +7
a: Berserk, Trog's Hand, Brothers in Arms, Burn Spellbooks, Renounce Religion


You were on level 9 of the Dungeon.
You worshipped Trog.
Trog was extremely pleased with you.
You were hungry.

You visited 1 branch of the dungeon, and saw 9 of its levels.

You collected 510 gold pieces.

Inventory:

Hand Weapons
 a - a +4 hand axe (weapon)
 m - a +0 hand axe
 o - a +2 antimagic executioner's axe
 z - a +0 shortbow
 I - a +3 battleaxe
 P - a +1 war axe
Missiles
 e - 180 arrows (quivered)
Armour
 b - a +0 animal skin
 f - a +0 ring mail
 q - a +0 helmet (worn)
 u - a +0 cloak (worn)
 x - a +0 scale mail (worn)
 y - a cursed +0 pair of boots (worn)
Jewellery
 k - a +5 ring of strength (left hand)
 B - an amulet of faith (around neck)
 M - the ring of the Leaf {Wiz -Tele rPois Dex+8 SInv, unknown}
   (You found it on level 8 of the Dungeon)

   [ring of wizardry]

   It improves your spell success rate.
   It affects your dexterity (+8).
   It protects you from poison.
   It lets you see invisible.
   It prevents most forms of teleportation.
 W - a +3 ring of intelligence {unknown}
Wands
 p - a wand of polymorph (13/24)
 H - a wand of random effects (25/48)
 K - a wand of disintegration (7/24)
 V - a wand of flame (20/48)
Scrolls
 d - 2 scrolls of enchant armour {unknown}
 h - 6 scrolls of teleportation {unknown}
 i - 2 scrolls of amnesia {unknown}
 j - 3 scrolls of enchant weapon {unknown}
 l - 8 scrolls of identify {unknown}
 n - 8 scrolls of remove curse {unknown}
 r - 3 scrolls of fear {unknown}
 s - 3 scrolls of random uselessness {unknown}
 A - 3 scrolls of recharging {unknown}
 N - 2 scrolls of immolation {unknown}
 T - a scroll of magic mapping {unknown}
 U - a scroll of vulnerability {unknown}
Potions
 t - 4 potions of flight {unknown}
 v - 3 potions of heal wounds {unknown}
 w - a potion of lignification {unknown}
 C - 2 potions of might {unknown}
 D - 3 potions of agility {unknown}
 E - 5 potions of haste {unknown}
 G - 2 potions of curing {unknown}
 O - a potion of cancellation {unknown}
Books
 J - a book of Flames

   Spells                             Type                      Level
   a - Flame Tongue                   Conjuration/Fire             1
   b - Throw Flame                    Conjuration/Fire             2
   c - Conjure Flame                  Conjuration/Fire             3
   d - Inner Flame                    Hexes/Fire                   3
   e - Sticky Flame                   Conjuration/Fire             4
   f - Fireball                       Conjuration/Fire             5
   Trog disapproves of the use of such an item.
 S - a book of Air

   Spells                             Type                      Level
   a - Shock                          Conjuration/Air              1
   b - Swiftness                      Charms/Air                   2
   c - Repel Missiles                 Charms/Air                   2
   d - Static Discharge               Conjuration/Air              3
   e - Lightning Bolt                 Conjuration/Air              5
   Trog disapproves of the use of such an item.
Comestibles
 c - 10 bread rations
 g - 2 fruits
 F - a royal jelly
 L - 2 meat rations
 Q - a slice of pizza
 R - 5 chunks of flesh


   Skills:
 + Level 7.9 Fighting
 * Level 8.1 Axes
 * Level 7.2 Bows
 + Level 7.5 Armour
 + Level 5.8 Dodging


You had 9 spell levels left.
You didn't know any spells.

Dungeon Overview and Level Annotations

Branches:
Dungeon (9/15)             Temple (0/1) D:4            Lair (0/6) D:9
    Orc: D:9-12

Altars:
Ashenzari
Cheibriados
Dithmenos
Hepliaklqana
Kikubaaqudgha
Nemelex Xobeh
Qazlal
Ru
Trog
Uskayaw
The Shining One

Shops:
D:8 [   D:9 %


Innate Abilities, Weirdness & Mutations

You are resistant to torment.
Your stone body is resilient. (AC +7)
You are immune to poison.
You resist negative energy. (rN+)
You are resistant to electric shocks. (rElec)
You can survive without breathing.
You are immune to petrification.
You are immune to rotting.


Message History

The orc warrior hits you from afar with a glaive!
The orc priest hits you but does no damage.
The orc throws a tomahawk.
The tomahawk hits you but does no damage.
You hit the orc priest.
The orc priest is severely wounded.
The orc priest calls down the wrath of Beogh upon you.
Beogh smites you!
* * * LOW HITPOINT WARNING * * *
The orc warrior closely misses you. The orc hits you but does no damage.
The orc priest hits you but does no damage.
You are too injured to fight recklessly!
You are too injured to fight recklessly!
You are too injured to fight recklessly!
You slash the orc!
You kill the orc!
Trog accepts your kill.
You hit the orc priest.
The orc warrior hits you from afar with a glaive!!
You die...

........(...#
#............##.
###.........#
#............##.
#.........#
#............##.
#>........#
#............##.
#.........#
##############
#.........# #.## .
#.........# #...#..
#.........# ##o(.....
#.........# #@)......
#.........# #))......
#.........# #)#o..#..
#.........# #)##8##
##.........####.######
........................
.......)................
########################


You could see an orc warrior and an orc priest.

Vanquished Creatures
  The ghost of Monsterracer the Cleaver, a novice DDFi (D:5)
  An elephant (D:9)
  A two-headed ogre (D:9)
  The ghost of Nicoed the Skirmisher, an amateur HOFi of Beogh (D:4)
  A vampire (D:7)
  A hungry ghost (D:8)
  4 orc warriors
  2 black bears (D:7)
  4 ice beasts
  2 sky beasts
  4 ogres
  A phantom (D:7)
  A necrophage (D:5)
  2 centaurs
  2 big kobolds (D:8)
  2 bullfrogs
  2 gnoll sergeants
  A wyvern skeleton (D:9)
  A water moccasin zombie (D:5)
  A water moccasin skeleton (D:5)
  8 wights
  10 killer bees (D:8)
  4 crimson imps
  A centaur skeleton (D:6)
  3 hounds
  6 orc priests
  A jelly (D:7)
  2 bullfrog skeletons
  3 iguanas
  8 orc wizards
  7 worker ants
  A hound skeleton (D:4)
  A howler monkey zombie (D:5)
  Robin (D:3)
  12 gnolls
  7 adders
  2 shadow imps
  2 adder zombies (D:9)
  2 worms (D:2)
  3 dart slugs
  2 leopard geckos
  29 orcs
  A ball python (D:1)
  7 bats
  5 giant cockroaches
  19 goblins
  11 hobgoblins
  10 jackals
  7 quokkas
  6 frilled lizards
  A jackal skeleton (D:4)
  20 kobolds
  2 quokka skeletons
  6 rats
245 creatures vanquished.

Notes
Turn   | Place    | Note
-------+----------+-------------------------------------------
     0 | D:1      | nikopol the Gargoyle Berserker began the quest for the Orb.
     0 | D:1      | Reached XP level 1. HP: 14/14 MP: 1/1
   162 | D:1      | Reached XP level 2. HP: 14/19 MP: 2/2
   320 | D:1      | Reached skill level 3 in Axes
   405 | D:1      | Reached XP level 3. HP: 17/23 MP: 3/3
   920 | D:2      | Reached ** piety under Trog
   944 | D:2      | Found a faded altar of an unknown god.
  1378 | D:2      | Reached XP level 4. HP: 20/28 MP: 4/4
  2140 | D:3      | Noticed Robin
  2156 | D:3      | Killed Robin
  2241 | D:3      | Reached XP level 5. HP: 29/32 MP: 5/5
  2254 | D:3      | Reached *** piety under Trog
  2510 | D:3      | Found a shadowy altar of Dithmenos.
  2516 | D:3      | Found a hazy altar of Hepliaklqana.
  2541 | D:3      | Found an ancient bone altar of Kikubaaqudgha.
  2552 | D:3      | Found a snail-covered altar of Cheibriados.
  3215 | D:4      | Noticed Nicoed's ghost (amateur HOFi)
  3229 | D:4      | Killed Nicoed's ghost
  3229 | D:4      | Reached skill level 4 in Axes
  3229 | D:4      | Reached XP level 6. HP: 39/39 MP: 6/6
  3407 | D:4      | Found a staircase to the Ecumenical Temple.
  3929 | D:4      | Reached XP level 7. HP: 43/44 MP: 7/7
  4207 | D:5      | Entered Level 5 of the Dungeon
  4222 | D:5      | Reached skill level 5 in Fighting
  4581 | D:5      | Found a glowing golden altar of the Shining One.
  4609 | D:5      | Found a sacrificial altar of Ru.
  4609 | D:5      | Noticed Monsterracer's ghost (novice DDFi)
  4623 | D:5      | Killed Monsterracer's ghost
  4623 | D:5      | Reached skill level 5 in Axes
  4623 | D:5      | Reached skill level 5 in Armour
  4623 | D:5      | Reached XP level 8. HP: 51/51 MP: 8/8
  4675 | D:5      | Found a stormy altar of Qazlal.
  4675 | D:5      | Found a shattered altar of Ashenzari.
  4676 | D:5      | Found a sparkling altar of Nemelex Xobeh.
  4839 | D:5      | Reached **** piety under Trog
  5248 | D:6      | Reached skill level 6 in Axes
  5248 | D:6      | Reached XP level 9. HP: 49/55 MP: 9/9
  6063 | D:7      | Found a bloodstained altar of Trog.
  6145 | D:7      | Reached skill level 5 in Bows
  6536 | D:7      | HP: 3/84 [hound (4)]
  6540 | D:7      | HP: 1/84 [ogre/giant club (2)]
  7004 | D:7      | Reached ***** piety under Trog
  7047 | D:8      | Reached skill level 5 in Dodging
  7057 | D:8      | Received a gift from Trog
  7157 | D:8      | Reached skill level 7 in Axes
  7165 | D:8      | Reached XP level 10. HP: 15/63 MP: 10/10
  7434 | D:8      | Found a hide-covered altar of Uskayaw.
  7435 | D:8      | Noticed a dagger
  7435 | D:8      | Noticed a dagger
  7484 | D:8      | Received a gift from Trog
  7711 | D:8      | Got a crude pewter ring
  8051 | D:8      | Found Jiud's Antique Armour Shoppe.
  8327 | D:9      | Found Nohan's Food Shoppe.
  8383 | D:9      | Noticed an elephant
  8413 | D:9      | Killed an elephant
  8420 | D:9      | Found a staircase to the Lair.
  8955 | D:9      | Reached skill level 8 in Axes
  8974 | D:9      | Slain by an orc warrior

Skill      XL: |  1  2  3  4  5  6  7  8  9 10 |
---------------+-------------------------------+-----
Dodging        | 2 3 4 5 |  5.8
Axes           | 3 4 5 6 7 8 |  8.1
Armour         | 3 4 5 6 7 |  7.5
Fighting       | 4 5 6 7 |  7.9
Bows           | 2 3 5 7 |  7.2

Action                   |  1- 3 |  4- 6 |  7- 9 | 10-12 || total
-------------------------+-------+-------+-------+-------++-------
Melee: Hand axe          |   142 |   204 |   282 |   228 ||   856
 Fire: Shortbow          |       |       |   137 |   111 ||   248
Invok: Berserk           |       |     3 |     5 |     3 ||    11
  Eat: Chunk             |     2 |    11 |    12 |    10 ||    35
       Beef jerky        |       |       |     1 |       ||     1
       Pizza             |       |       |     1 |       ||     1
Armor: Animal skin       |    35 |       |       |       ||    35
       Ring mail         |    30 |    68 |       |       ||    98
       Scale mail        |       |    39 |   158 |   115 ||   312
Dodge: Dodged            |   100 |   150 |   244 |   127 ||   621
